 Dungeon Crawl Stone Soup version 0.30.1-9-gdf580d7c3d (webtiles) character file.

Game seed: 15763689663399473822

58 Peloso the Covered (level 3, 0/33 HPs)
             Began as a Minotaur Fighter on Oct 25, 2023.
             Killed by nerve-wracking pain
             ... invoked by an orc priest
              (12 damage)
             ... on level 3 of the Dungeon.
             The game lasted 00:03:06 (1264 turns).

Peloso the Covered (Minotaur Fighter)               Turns: 1264, Time: 00:03:07

Health: 0/33       AC:  9    Str: 19 (20) XL:     3   Next: 75%
Magic:  2/2        EV:  7    Int:  3 (5)  God:
Gold:   138        SH:  4    Dex: 11      Spells: 2/2 levels left

rFire   . . .        a - +0 long sword
rCold   . . .        d - +0 buckler
rNeg    . . .        i - +0 chain mail
rPois   .            (helmet restricted)
rElec   .            (no cloak)
rCorr   .            (no gloves)
SInv    .            (no boots)
Will    .....        (no amulet) Stlth
                     (no ring)
HPRegen 0.25/turn    (no ring)
MPRegen 0.08/turn

%: no passive effects
@: no status effects
A: horns 2, retaliatory headbutt
a: no special abilities


You were on level 3 of the Dungeon.
You visited 1 branch of the dungeon, and saw 3 of its levels.

You collected 138 gold pieces.

Inventory:

Hand Weapons
 a - a +0 long sword (weapon)
 c - a +2 dagger of flaming
Armour
 b - a +0 scale mail
 d - a +0 buckler (worn)
 i - a +0 chain mail (worn)
Jewellery
 g - a ring of resist corrosion
Scrolls
 e - a scroll of identify
 f - a scroll of poison
Potions
 h - a potion of might
 j - a potion of brilliance
 k - a potion of heal wounds


   Skills:
 + Level 4.2 Fighting
 + Level 3.4 Long Blades
 + Level 4.3 Armour
 + Level 0.1 Dodging
 + Level 4.0 Shields


You had 2 spell levels left.
You didn't know any spells.
Your spell library was empty.

Dungeon Overview and Level Annotations

Branches:
Dungeon (3/15)

Altars:
Nemelex Xobeh


Innate Abilities, Weirdness & Mutations

You have a pair of horns on your head.
You reflexively headbutt those who attack you in melee.


Message History

You hit the orc priest.
The orc priest is moderately wounded.
The orc priest hits you but does no damage.
The orc priest barely misses you. x2; The orc priest closely misses you.
You furiously retaliate!
You headbutt the orc priest. You completely miss the orc priest.
The orc priest is moderately wounded.
You block the orc priest's attack.
The orc priest hits you from afar with a +0 trident.
You closely miss the orc priest.
The orc priest is moderately wounded.
The orc priest hits you but does no damage.
You block the orc priest's attack.
You hit the orc priest but do no damage.
Your headbutt misses the orc priest.
The orc priest is moderately wounded.
The orc priest barely misses you.
The orc priest looks satisfied for a moment.
You closely miss the orc priest.
The orc priest is moderately wounded.
The orc priest looks satisfied for a moment.
The orc priest barely misses you.
The orc priest hits you but does no damage. x2
You hit the orc priest. Your headbutt misses the orc priest.
The orc priest is heavily wounded.
The orc priest hits you but does no damage.
The orc priest hits you from afar with a +0 trident.
You hit the orc priest but do no damage.
The orc priest is heavily wounded.
The orc priest hits you from afar with a +0 trident.
The orc priest hits you but does no damage.
You hit the orc priest.
The orc priest is severely wounded.
The orc priest barely misses you. You furiously retaliate!
You headbutt the orc priest.
You kill the orc priest!
The orc priest hits you but does no damage.
The orc priest invokes the aid of Beogh against you.
Pain shoots through your body!
You die...

#.#.# #.#.#
#####.#.#######
.........##...#####.#
#........##.#.......#
...........(..#######
#.#.###..###.#####
....# #........).#
....###......###@#
..†......###.# #)#
..)...#..# #.# #o#
......#..# #.# #.#
......#..# #.. #.#
.........# ##. #.#
#........# #.#####
.....##### #.....###
......### #.......#


You could see an orc priest.

Vanquished Creatures
  An orc priest (D:3)
  An adder (D:2)
  2 worms
  3 orcs (D:3)
  An endoplasm (D:1)
  2 giant cockroaches (D:1)
  3 hobgoblins (D:1)
  5 kobolds
  6 quokkas
  2 ball pythons (D:1)
  5 bats
  2 frilled lizards
  3 goblins
  2 rats (D:2)
38 creatures vanquished.

Notes
Turn   | Place    | Note
-------+----------+-------------------------------------------
     0 | D:1      | Peloso the Minotaur Fighter began the quest for the Orb.
     0 | D:1      | Reached XP level 1. HP: 19/19 MP: 0/0
    98 | D:1      | Reached XP level 2. HP: 27/27 MP: 1/1
   719 | D:2      | Reached XP level 3. HP: 27/33 MP: 2/2
   774 | D:2      | Found a faded altar of an unknown god.
  1138 | D:3      | Found a sparkling altar of Nemelex Xobeh.
  1264 | D:3      | Killed from afar by an orc priest

Illustrated notes

Levels and vault maps discovered:
D:1:      wheals_arrival_linesprint, layout_basic, minmay_pentomino_p2
D:2:      layout_rooms, basic_ecumenical_altar, kennysheep_crisscross
D:3:      layout_loops_ring, tgw_sif, nicolae_hepliaklqana_hazy_memory,
          overflow_temple_1_default, hangedman_abyss_or_decor_lesser_grid

Skill      XL: |  1  2  3 |
---------------+----------+-----
Armour         | 4 |  4.3
Long Blades    | 3 |  3.4
Fighting       | 4 |  4.2
Shields        | 4 |  4.0
Dodging        | |  0.1

Action                     || total
---------------------------++-------
  Melee: Long sword        ||   112
         Headbutt          ||    12
    Use: Potion            ||     2
         Scroll            ||     3
 Armour: Scale mail        ||    13
         Chain mail        ||    76
  Dodge: Dodged            ||    47
  Block: Buckler           ||    31
